 Dungeon Crawl Stone Soup version 0.27-a0-1347-gd8886f0a89 (webtiles) character file.

Game seed: 13684671688002924769

37 Brandom the Charlatan (level 3, -3/28 HPs)
             Began as a Palentonga Artificer on June 27, 2021.
             Slain by a worm (10 damage)
             ... on level 2 of the Dungeon.
             The game lasted 00:08:00 (2340 turns).

Brandom the Charlatan (Palentonga Artificer)        Turns: 2340, Time: 00:08:00

Health: -3/28      AC:  4    Str: 16    XL:     3   Next: 23%
Magic:  3/3        EV:  9    Int: 11    God:
Gold:   119        SH:  0    Dex: 10    Spells: 1/2 levels left

rFire    . . .     SeeInvis +   a - +0 club
rCold    . . .     Faith    .   (no shield)
rNeg     . . .     Spirit   .   b - +0 leather armour
rPois    .         Reflect  .   (no helmet)
rElec    .         Harm     .   (no cloak)
rCorr    .         Rampage  .   (no gloves)
Will     .....                  (no barding)
Stlth    +.........             (no amulet)
HPRegen  0.09/turn              (no ring)
MPRegen  0.08/turn              (no ring)

@: no status effects
A: large, rugged brown scales 3, see invisible, deformed body, roll 1, armoured
tail
a: Rolling Charge


You were on level 2 of the Dungeon.
You visited 1 branch of the dungeon, and saw 2 of its levels.

You collected 119 gold pieces.

Inventory:

Hand Weapons
 a - a +0 club (weapon)
Armour
 b - a +0 leather armour (worn)
Jewellery
 c - a ring of fire
   (You found it on level 1 of the Dungeon)
Wands
 d - a wand of charming (15) (quivered)
 t - a wand of flame (15)
Scrolls
 g - 3 scrolls of identify {unknown}
 h - 2 scrolls of noise {unknown}
 i - a scroll of teleportation {unknown}
Potions
 f - a potion of haste {unknown}
 j - 2 potions of magic {unknown}
 k - a potion of cancellation {unknown}
 l - a potion of mutation {unknown}
Miscellaneous
 e - a piece from Xom's chessboard (15/15)


   Skills:
 * Level 2.3 Fighting
 + Level 2.0 Armour
 + Level 1.3 Dodging
 - Level 0.5 Stealth
 + Level 0.0 Spellcasting
 + Level 0.0 Summonings
 - Level 2.6 Evocations


You had one spell level left.
You knew the following spells:

 Your Spells              Type           Power      Damage    Failure   Level
a - Summon Small Mammal   Summ           0%         N/A       41%         1

Your spell library contained the following spells:

 Spells                   Type           Power      Damage    Failure   Level
 Magic Dart               Conj           0%         1d3       41%         1
 Call Imp                 Summ           0%         N/A       54%         2
 Searing Ray              Conj           0%         3d3       54%         2
 Call Canine Familiar     Summ           0%         N/A       78%         3
 Dazzling Flash           Conj/Hex       0%         N/A       78%         3
 Summon Guardian Golem    Hex/Summ       0%         N/A       78%         3
 Fulminant Prism          Conj/Hex       0%         3d6       99%         4
 Iskenderun's Mystic Bla  Conj/Tloc      0%         2d3       99%         4
 Summon Ice Beast         Ice/Summ       0%         N/A       99%         4
 Summon Lightning Spire   Summ/Air       0%         N/A       99%         4


Dungeon Overview and Level Annotations

Branches:
Dungeon (2/15)

Altars:

Shops:
D:1 :(


Innate Abilities, Weirdness & Mutations

You are completely covered in rugged brown scales. (AC +3, +7% HP)
You have supernaturally acute eyesight. (SInv)
Armour fits poorly on your strangely shaped body.
You can roll at nearby foes to attack.
You have a long armoured tail.


Message History

The giant cockroach bites you.
You barely miss the giant cockroach. The giant cockroach bites you.
The giant cockroach barely misses you.
You hit the giant cockroach.
Your tail-slap misses the giant cockroach.
The giant cockroach bites you.
You hit the giant cockroach.
You kill the giant cockroach!
No target in view!
No target in view!
Found a stone staircase leading up.
k - a metallic purple potion
Found a bubbling black potion.
l - a bubbling black potion
Found 22 arrows.
An endoplasm comes into view.
You see here 22 arrows.
The endoplasm quivers.
Found a stone staircase leading up.
Found 9 gold pieces.
You hit the endoplasm. You tail-slap the endoplasm.
The endoplasm barely misses you. The endoplasm closely misses you.
You hit the endoplasm.
You kill the endoplasm!
No target in view!
No target in view!
You now have 119 gold pieces (gained 9).
Found an escape hatch in the floor.
Found a stone staircase leading down.
A worm comes into view.
There's nothing you can charge at!
Roll where?
Aim: a worm You roll forward with a clatter of scales!
You barely miss the worm. The worm bites you.
You barely miss the worm. You hit the worm. The worm bites you!
You barely miss the worm. The worm closely misses you.
You barely miss the worm. The worm completely misses you.
You hit the worm. You hit the worm. The worm barely misses you.
You hit the worm. The worm closely misses you.
You completely miss the worm. You tail-slap the worm. The worm bites you.
* * * LOW HITPOINT WARNING * * *
You hit the worm.
Unknown command.
You hit the worm. The worm bites you.
* * * LOW HITPOINT WARNING * * *
You hit the worm. You tail-slap the worm. The worm bites you!
You die...

..# #..# #...## ###
###..... ..# ......#
#.#### ......# #.#..
......# #.#.# ..#...#
#w#.## ## #.#...#
#@...#... ..#...#
#......#.
......##########>.......
..>..................#.#
#....###########.....# #
##..## ##...## ##.# ####
###


You could see a worm.

Vanquished Creatures
  2 dart slugs (D:1)
  3 bats (D:1)
  5 endoplasms
  3 giant cockroaches
  2 goblins (D:1)
  3 hobgoblins
  3 kobolds
  2 quokkas
  2 frilled lizards (D:1)
  5 rats (D:1)
30 creatures vanquished.

Vanquished Creatures (others)
  12 plants (D:1)
12 creatures vanquished.

Grand Total: 42 creatures vanquished

Notes
Turn   | Place    | Note
-------+----------+-------------------------------------------
     0 | D:1      | Brandom the Palentonga Artificer began the quest for the
                  | Orb.
     0 | D:1      | Reached XP level 1. HP: 16/16 MP: 1/1
   383 | D:1      | Reached skill level 1 in Dodging
   452 | D:1      | Reached XP level 2. HP: 19/22 MP: 2/2
  1010 | D:1      | Found Monwujem's Weapon Boutique.
  1628 | D:1      | Reached XP level 3. HP: 20/28 MP: 3/3
  1881 | D:1      | Found Zaicey's Book Shoppe.
  2181 | D:2      | Learned a level 1 spell: Summon Small Mammal
  2340 | D:2      | Slain by a worm

Illustrated notes

Levels and vault maps discovered:
D:1:      dpeg_arrival_erosion, layout_loops_cross, serial_shops,
          nicolae_shop_waterfront, shop_coins, st_stairs_5, serial_bayou_lake_a
D:2:      layout_loops_ring, hellmonk_ecumenical_altar_prayer_group,
          kennysheep_cluttered_room, amethyst_killhole

Skill      XL: |  1  2 |
---------------+-------+-----
Dodging        | 1 |  1.3
Fighting       | 2 |  2.3
Armour         | 2 |  2.0
Stealth        | |  0.5
Evocations     | |  2.6

Action                   || total
-------------------------++-------
Melee: Club              ||   169
       Tailslap          ||    16
 Abil: Rolling Charge    ||    11
Armor: Leather armour    ||    66
Dodge: Dodged            ||    81

Table legend: (Time is in decaauts)
 A = Elapsed time spent in this place.
 B = Non-inter-level travel time spent in this place.
 C = Inter-level travel time spent in this place.
 D = Time resting spent in this place.
 E = Time spent auto-exploring this place.
 F = Levels seen in this place.
 G = Mean time per level.
                   A        B        C        D        E       F      G
               +--------+--------+--------+--------+--------+-----+--------+
         Total |   2417 |   2410 |      7 |    777 |   1188 |   2 | 1208.5 |
       Dungeon |   2417 |   2410 |      7 |    777 |   1188 |   2 | 1208.5 |
               +--------+--------+--------+--------+--------+-----+--------+

Top non-repeatable levels by time:
     D:1: 2081 daAuts
     D:2: 335 daAuts
